 Dungeon Crawl Stone Soup version 0.21.0-3-g78d12a8 (webtiles) character file.

89 komo4ek the Caller (level 4, -1/24 HPs)
             Began as a Kobold Summoner on Jan 8, 2018.
             Was an Initiate of Ru.
             Killed from afar by an orc wizard (7 damage)
             ... with a magic dart
             ... on level 4 of the Dungeon.
             The game lasted 00:09:18 (3441 turns).

komo4ek the Caller (Kobold Summoner)                Turns: 3441, Time: 00:09:19

Health: -1/24      AC:  2    Str:  3    XL:     4   Next: 84%
Magic:  5/10       EV: 15    Int: 17    God:    Ru [......]
Gold:   174        SH:  0    Dex: 15    Spells: 7/11 levels left

rFire    x . .     SeeInvis .   o - +1 dagger (speed)
rCold    + . .     Gourm    .   (shield restricted)
rNeg     . . .     Faith    .   a - +0 robe
rPois    .         Spirit   .   (no helmet)
rElec    .         Reflect  .   (no cloak)
rCorr    .         Harm     .   (no gloves)
MR       .....                  (no boots)
Stlth    +.........             (no amulet)
HPRegen  0.08/turn              d - ring of ice
MPRegen  0.12/turn              (no ring)

@: confused
A: small, carnivore, weak 1
a: Renounce Religion


You were on level 4 of the Dungeon.
You worshipped Ru.
Ru was noncommittal.
You were hungry.

You visited 1 branch of the dungeon, and saw 4 of its levels.

You collected 174 gold pieces.

Inventory:

Hand Weapons
 f - a +0 whip
 o - a +1 dagger of speed (weapon)
Armour
 a - a +0 robe (worn)
 l - +0 ice dragon scales
Jewellery
 d - a ring of ice (left hand)
 q - a +3 ring of slaying {unknown}
Wands
 n - a wand of iceblast (4)
 s - a wand of acid (8)
Scrolls
 c - a scroll of magic mapping {unknown}
 h - 5 scrolls of identify {unknown}
 i - 2 scrolls of teleportation {unknown}
 j - a scroll of blinking {unknown}
 k - 2 scrolls of enchant armour {unknown}
 r - a scroll of immolation {unknown}
 u - a scroll of fear {unknown}
Potions
 e - a potion of berserk rage {unknown}
 g - a potion of degeneration {unknown}
 m - a potion of ambrosia {unknown}
 p - 2 potions of cancellation {unknown}
 t - a potion of curing {unknown}
 v - a potion of heal wounds {unknown}
Books
 b - a book of Callings

   Spells                             Type                      Level
   a - Summon Small Mammal            Summoning                    1
   b - Call Imp                       Summoning                    2
   c - Call Canine Familiar           Summoning                    3
   d - Summon Guardian Golem          Hexes/Summoning              3
   e - Summon Lightning Spire         Summoning/Air                4
   f - Summon Ice Beast               Ice/Summoning                4


   Skills:
 - Level 2.4 Dodging
 - Level 2.6 Stealth
 * Level 4.0 Spellcasting
 + Level 4.6 Summonings
 + Level 1.0 Evocations


You had 7 spell levels left.
You knew the following spells:

 Your Spells              Type           Power        Failure   Level  Hunger
a - Summon Small Mammal   Summ           ###.         2%          1    None
b - Call Canine Familiar  Summ           ###.....     7%          3    ###....


Dungeon Overview and Level Annotations

Branches:
Dungeon (4/15)
 Temple: D:4-7

Altars:
Ashenzari
Ru
Uskayaw
Yredelemnul


Innate Abilities, Weirdness & Mutations

You are small and have problems with some larger weapons.
You are carnivorous and can eat meat at any time.
You are weak. (Str -2)


Message History

You barely miss something. You closely miss something. Something hits you.
You miss something. Something hits you but does no damage.
You hit something but do no damage. You hit something but do no damage.
Something hits you.
You closely miss something. You barely miss something.
Something hits you but does no damage.
You closely miss something. Something hits you but does no damage.
You miss something. Something hits you.
You miss something. You hit something.
You hear some strange, mumbled words.
You are confused.
You barely miss something. Something hits you.
* * * LOW HITPOINT WARNING * * *
You bump into the rock wall.
The orc shouts!
You hear some strange, mumbled words.
A magic dart appears from out of thin air!
The magic dart hits you!
You die...

.# .. . .# ###.# #...
##.#.######.########.##
........@{.....<.......
#......###)####.####...
#.##o#. #.# o... # #.
#.. .o.### #. #.###...
#. #.# #o.. #. .o#
#.... .. ... .....


You could see an orc.

Vanquished Creatures
  A scorpion (D:3)
  An adder (D:2)
  2 worms
  2 dart slugs
  A leopard gecko (D:2)
  A giant cockroach (D:2)
  5 goblins
  4 hobgoblins
  5 kobolds
  A quokka (D:3)
  5 bats
  2 frilled lizards (D:3)
  2 rats
  A spectral orc (D:3)
33 creatures vanquished.

Vanquished Creatures (collateral kills)
  2 dart slugs (D:1)
  A leopard gecko (D:1)
  An orc (D:4)
  A giant cockroach (D:1)
  2 kobolds (D:1)
7 creatures vanquished.

Grand Total: 40 creatures vanquished

Notes
Turn   | Place    | Note
-------+----------+-------------------------------------------
     0 | D:1      | komo4ek the Kobold Summoner began the quest for the Orb.
     0 | D:1      | Reached XP level 1. HP: 10/10 MP: 3/3
   320 | D:1      | Reached XP level 2. HP: 6/15 MP: 1/5
  1153 | D:2      | Reached XP level 3. HP: 13/19 MP: 3/7
  1251 | D:2      | Found a sacrificial altar of Ru.
  1297 | D:2      | Found a shattered altar of Ashenzari.
  1330 | D:2      | Became a worshipper of Ru the Awakened
  2748 | D:3      | Reached XP level 4. HP: 24/24 MP: 9/9
  2778 | D:3      | Learned a level 3 spell: Call Canine Familiar
  3017 | D:3      | Reached skill level 1 in Evocations
  3165 | D:3      | Found a basalt altar of Yredelemnul.
  3166 | D:3      | Gained mutation: You are weak. (Str -2) [Ru sacrifice]
  3300 | D:3      | Found a hide-covered altar of Uskayaw.
  3441 | D:4      | Killed from afar by an orc wizard

Skill      XL: |  1  2  3  4 |
---------------+-------------+-----
Spellcasting   | 3 4 |  4.0
Evocations     | 1 |  1.0
Dodging        | |  2.4
Stealth        | |  2.6
Summonings     | |  4.6

Action                   |  1- 3 |  4- 6 || total
-------------------------+-------+-------++-------
Melee: Unarmed           |     6 |       ||     6
       Whip              |   100 |       ||   100
       Dagger            |    68 |    90 ||   158
 Cast: Summon Small Mamm |    12 |     1 ||    13
       Call Canine Famil |       |     3 ||     3
Invok: Sacrifice Purity  |       |     1 ||     1
 Stab: Sleeping          |     4 |     2 ||     6
       Distracted        |       |     1 ||     1
  Eat: Ration            |     3 |     1 ||     4
Armor: Robe              |     9 |     4 ||    13
       Ice dragon scales |    89 |       ||    89
Dodge: Dodged            |    62 |    42 ||   104
